 Dungeon Crawl Stone Soup version 0.31-a0-963-ga325b2283a (webtiles) character file.

Game seed: 17873909060904297334

65456 Xavori the Fighter (level 15, 0/117 HPs)
             Began as a Djinni Chaos Knight on Oct 24, 2023.
             Was a Plaything of Xom.
             Slain by a seven-headed hydra simulacrum (9 damage)
             ... summoned by an orange crystal statue
             ... in an ice cave on Oct 25, 2023.
             The game lasted 00:48:34 (19448 turns).

Xavori the Fighter (Djinni Chaos Knight)           Turns: 19448, Time: 00:48:35

Health: 0/117      AC: 17    Str: 15    XL:     15   Next: 58%
Gold:   1984       EV: 22    Int: 15    God:    Xom [....*.] SH:  7 Dex: 19

rFire   + + +        Z - +1 scimitar (flame)
rCold   + . .        J - +1 buckler {AC+3}
rNeg    . . .        z - +0 steam dragon scales
rPois   ∞            V - +2 hat
rElec   +            K - +0 cloak
rCorr   +            M - +2 pair of gloves
SInv    +            (boots unavailable)
Will    +....        x - amulet of regeneration
Stlth   ++++         g - +5 ring of evasion
HPRegen 1.19/turn    b - ring of ice
MPRegen 0.00/turn

%: random rage (3%), infuse magic (-1 HP)
@: mighty, resistant, attractive, flying, constricted, studying Fighting
A: sickness immunity, fire resistance 3, cold vulnerability 1, float, innate
caster, HP casting, extra vitality 1, antennae 1, thin skeletal structure 1,
camouflage 1, see invisible, berserk 1, electricity resistance, strong 1, wild
magic 1, MP-powered wands, noise suppression
a: Renounce Religion


You were in an ice cave.
You worshipped Xom.
You were a beloved toy of Xom.
You visited 3 branches of the dungeon, and saw 21 of its levels.
You also visited: Bailey, Gauntlet and Ice Cave.

You collected 3043 gold pieces.
You spent 1059 gold pieces at shops.

Inventory:

Hand Weapons
 a - a +1 falchion of chaos
 D - the +7 short sword "Jael" {chaos, rF+ rCorr}
   (Xom gifted it to you on level 4 of the Lair of Beasts)

   rF+:       It protects you from fire.
   rCorr:     It protects you from acid and corrosion.
 T - a +3 long sword
 Z - a +1 scimitar of flaming (weapon)
Armour
 z - +0 steam dragon scales (worn)
 H - a +0 kite shield
 J - a +1 buckler of protection (worn)
 K - a +0 cloak (worn)
 M - a +2 pair of gloves (worn)
 V - a +2 hat (worn)
Jewellery
 b - a ring of ice (right hand)
 g - a +5 ring of evasion (left hand)
 p - a ring of see invisible
 r - a +4 ring of protection
 w - a +6 ring of intelligence
 x - an amulet of regeneration (around neck)
 I - a +4 ring of protection
 O - a ring of fire
Wands
 s - a wand of light (8)
 y - a wand of paralysis (17)
 B - a wand of flame (73)
 C - a wand of roots (14)
 R - a wand of mindburst (11)
 W - a wand of digging (6)
Scrolls
 c - a scroll of butterflies
 h - 2 scrolls of silence
 i - 6 scrolls of enchant weapon
 k - 6 scrolls of teleportation
 l - 4 scrolls of revelation
 t - 3 scrolls of noise
 v - 6 scrolls of poison
 E - 5 scrolls of fog
 G - 4 scrolls of immolation
 N - 4 scrolls of enchant armour
 X - 2 scrolls of fear
 Y - 4 scrolls of identify
Potions
 d - 3 potions of brilliance
 e - 2 potions of attraction
 f - 4 potions of might
 j - 4 potions of enlightenment
 n - a potion of ambrosia
 o - 8 potions of curing
 q - 5 potions of heal wounds
 u - 4 potions of haste
 A - 3 potions of lignification {unknown}
 F - 3 potions of mutation
 S - a potion of experience {unknown}
 U - a potion of degeneration {unknown}
Miscellaneous
 L - a phantom mirror
 P - a lightning rod (4/4)
 Q - a phial of floods


   Skills:
 + Level 14.2 Fighting
 - Level 4.0(7.8) Short Blades
 + Level 10.4(10.8) Long Blades
 + Level 11.0 Armour
 + Level 12.1 Dodging
 + Level 5.2 Shields
 * Level 10.0 Spellcasting
 * Level 10.0 Conjurations
 * Level 10.0 Hexes
 * Level 10.0 Summonings
 * Level 10.0 Necromancy
 * Level 10.0 Translocations
 * Level 10.0 Transmutations
 * Level 10.0 Fire Magic
 * Level 10.0 Ice Magic
 * Level 10.0 Air Magic
 * Level 10.0 Earth Magic
 * Level 10.0 Poison Magic
 - Level 4.7 Evocations


You knew the following spells:

 Your Spells              Type           Power      Damage    Failure   Level
a - Magic Dart            Conj           100%       1d8       1%          1
b - Lesser Beckoning      Tloc           98%        N/A       1%          2
c - Summon Guardian Gole  Hex/Summ       49%        N/A       1%          3
d - Swiftness             Air            49%        N/A       1%          3
e - Summon Ice Beast      Ice/Summ       65%        N/A       3%          4
f - Metabolic Englaciati  Hex/Ice        32%        N/A       9%          5
g - Dispersal             Tloc           24%        N/A       38%         6
Your spell library was empty.

Dungeon Overview and Level Annotations

Branches:
Dungeon (14/15)            Temple (0/1) D:5            Lair (5/5) D:11
  Swamp (0/4) Lair:2        Snake (0/4) Lair:2        Slime (0/5) Lair:4
    Orc (2/2) D:12            Elf (0/3) Orc:2        Bailey (visited)
  IceCv (1/1)             Gauntlet (visited)
 Vaults: D:13-14

Altars:
Ashenzari
Makhleb
Qazlal
Ru
Xom

Shops:
D:13 ?   Orc:2 ==[(

Annotations:
D:13 2 runed translucent doors IceCv exclusion: orange crystal statue


Innate Abilities, Weirdness & Mutations

You are immune to sickness and miasma.
You are immune to poison.
Your flesh is almost immune to the effects of heat. (rF+++)
You are vulnerable to cold. (rC-)
You float through the air rather than walking.
You learn spells naturally, not from books.
Your magical power is your life essence.
You have superior vitality. (+4 MHP)
You have a pair of small antennae on your head.
You have a somewhat thin skeletal structure. (Dex +2, Stealth+)
Your skin changes colour to match your surroundings (Stealth+).
You have supernaturally acute eyesight. (SInv)
You sometimes lose your temper in combat.
You are resistant to electric shocks. (rElec)
Your muscles are strong. (Str +4, Int/Dex -1)
Your spells are a little harder to cast, but a little more powerful.
You expend health (3 HP) to strengthen your wands.
You passively dampen the noise of your surroundings.


Message History

* * * LOW HITPOINT WARNING * * *
The seven-headed hydra simulacrum freezes you!
You resist.
* * * LOW HITPOINT WARNING * * *
The seven-headed hydra simulacrum bites you.
* * * LOW HITPOINT WARNING * * *
The seven-headed hydra simulacrum freezes you!
You resist.
* * * LOW HITPOINT WARNING * * *
The seven-headed hydra simulacrum completely misses you.
Your Armour skill increases to level 11!
Unknown command.
Unknown command.
Unknown command.
Casting: Summon Ice Beast (mildly dangerous; 3% risk of failure)
Confirm with . or Enter, or press ? or * to list all spells.
You don't know that spell.
Okay, then.
It was a potion of attraction.
You feel attractive to monsters. The anaconda simulacrum bites you!
* * * LOW HITPOINT WARNING * * *
The anaconda simulacrum freezes you! You resist.
You die... "Oh, no, you don't!"
Xom revives you! The anaconda simulacrum constricts you.
* * * LOW HITPOINT WARNING * * *
The orange crystal statue fixes its piercing gaze on you.
The seven-headed hydra simulacrum completely misses you.
You block the seven-headed hydra simulacrum's attack.
The seven-headed hydra simulacrum bites you but does no damage.
The seven-headed hydra simulacrum barely misses you.
The seven-headed hydra simulacrum bites you but does no damage.
The seven-headed hydra simulacrum bites you!
* * * LOW HITPOINT WARNING * * *
The seven-headed hydra simulacrum freezes you!
You resist.
You die...
Xom chortles!

##...##
##.....##
#.......#
#.......#
#.......#
#.......#
#[......#
####.####
#.@Z....#
#ZZ.....#
#.......#
#.......#
#.......#
##.....##
##...##
##8##


You could see an orange crystal statue, an anaconda simulacrum (summoned), a
seven-headed hydra simulacrum (summoned) and a dire elephant simulacrum
(summoned).

Vanquished Creatures
  Nessos (Lair:4)
  The ghost of Viredejo the Fighter, a journeyman OgSh of Cheibriados (Lair:1)
  An ice dragon (D:14)
  A caustic shrike simulacrum (IceCv)
  2 boulder beetles
  2 centaur warriors
  2 orc high priests (Orc:2)
  An orange crystal statue (IceCv)
  An arcanist (D:13)
  2 orc knights (Orc:2)
  5 cyclopes
  An oklob plant (D:11)
  4 ugly things
  3 orc sorcerers
  6 elephants
  A slime creature (D:11)
  6 cane toads
  An unseen horror (D:10)
  A rime drake (shapeshifter) (Lair:5)
  3 rime drakes
  4 komodo dragons
  Jeremiah (Lair:1)
  A golden dragon simulacrum (IceCv)
  An anaconda simulacrum (IceCv)
  2 tengu conjurers
  2 freezing wraiths (IceCv)
  9 trolls
  2 polar bears (Lair:4)
  A hornet (D:8)
  An alligator simulacrum (IceCv)
  A glass eye (Gauntlet)
  5 dream sheep (Lair:4)
  11 blink frogs
  4 shadows
  6 wraiths
  11 yaks
  A yak (shapeshifter) (D:13)
  2 dire elephant simulacra (IceCv)
  5 wyverns
  4 basilisks
  A chaos spawn (Lair:5)
  Grum (D:8)
  2 steam dragons
  A warg (Orc:1)
  A naga (Lair:2)
  A harpy simulacrum (IceCv)
  A swamp worm (Lair:2)
  An acid dragon (D:10)
  10 water moccasins
  5 small abominations (Lair:5)
  A nameless horror (D:11)
  A two-headed ogre zombie (D:12)
  31 orc warriors
  2 ice beasts
  2 sky beasts
  A black bear (D:4)
  4 boggarts (D:12)
  3 ogres
  4 wolves
  3 phantoms
  6 centaurs
  A kobold brigand (D:9)
  Blork the orc (D:4)
  10 bullfrogs
  A gnoll sergeant (D:9)
  3 scorpions
  4 wights
  A troll zombie (D:12)
  10 killer bees
  2 howler monkeys
  3 electric eels (Bailey)
  3 jellies
  11 orc priests
  3 hounds
  12 orc wizards
  2 hell rats (Lair:1)
  6 ogre zombies (D:12)
  10 gnolls
  10 adders
  10 river rats (Lair:1)
  3 shadow imps (Gauntlet)
  A white imp (D:6)
  3 worms
  2 dart slugs
  62 orcs
  8 ball pythons
  6 endoplasms
  15 goblins
  13 hobgoblins
  3 jackals (D:1)
  15 kobolds
  9 bats
  3 frilled lizards (D:3)
  2 gnoll skeletons (D:12)
  A gnoll zombie (D:12)
  An orc skeleton (D:12)
  16 orc zombies (D:12)
  6 rats
473 creatures vanquished.

Vanquished Creatures (collateral kills)
  A centaur warrior (D:10)
  2 two-headed ogres
  A soul eater (Gauntlet)
  An orc sorcerer (Bailey)
  An orc knight (Bailey)
  A cyclops (D:11)
  A shining eye (Gauntlet)
  2 elephants
  2 black mambas
  A smoke demon (Lair:5)
  4 cane toads
  2 efreet
  3 komodo dragons
  A kobold demonologist (Bailey)
  A rime drake (Lair:2)
  A troll (D:10)
  6 blink frogs
  A dream sheep (Lair:4)
  Sigmund (D:2)
  3 slime creatures (D:11)
  2 wyverns (D:10)
  2 wraiths (D:10)
  12 yaks
  2 basilisks
  A naga (Lair:2)
  3 water moccasins
  6 orc warriors
  An ogre (Orc:1)
  4 wolves
  A centaur (D:10)
  A gnoll sergeant (D:8)
  2 bullfrogs
  2 killer bees (D:9)
  2 orc priests
  2 jellies (Lair:4)
  8 gnolls
  3 adders (D:2)
  2 worms (D:2)
  9 orcs
  4 goblins (Bailey)
  2 hobgoblins (Bailey)
  4 kobolds
  A ball python (D:2)
  2 gnoll zombies (D:12)
  3 orc zombies (D:12)
117 creatures vanquished.

Vanquished Creatures (others)
  An orc warlord (Orc:2)
  A very ugly thing (IceCv)
  A minotaur (Gauntlet)
  2 caustic shrike simulacra (IceCv)
  An elephant (Lair:3)
  A cane toad (shapeshifter) (D:11)
  3 anaconda simulacra (IceCv)
  An alligator simulacrum (IceCv)
  3 blink frogs (Lair:4)
  A slime creature (D:11)
  2 shadows (Gauntlet)
  12 yaks
  A harpy simulacrum (IceCv)
  4 orc warriors (Orc:2)
  A bullfrog (Lair:4)
  A wight (D:7)
  3 killer bees (D:9)
  An orc wizard (Orc:2)
  3 orcs (Orc:2)
43 creatures vanquished.

Grand Total: 633 creatures vanquished

Notes
Turn   | Place    | Note
-------+----------+-------------------------------------------
     0 | D:1      | Xavori the Djinni Chaos Knight began the quest for the Orb.
     0 | D:1      | Reached XP level 1. HP: 20/20 MP: 0/0
    25 | D:1      | Found a faded altar of an unknown god.
    45 | D:1      | XOM: silly message
    84 | D:1      | Reached XP level 2. HP: 25/25 MP: 0/0
   229 | D:1      | XOM: give mutation
   229 | D:1      | Gained mutation: You have a somewhat thin skeletal
                  | structure. (Dex +2, Stealth+) [Xom's grace]
   422 | D:2      | Reached XP level 3. HP: 29/30 MP: 0/0
   422 | D:2      | Learned a level 1 spell: Magic Dart
   430 | D:2      | XOM: 1-stop teleportation journey
   524 | D:2      | Reached skill level 1 in Spellcasting
   524 | D:2      | Reached skill level 1 in Conjurations
   524 | D:2      | Reached skill level 1 in Hexes
   524 | D:2      | Reached skill level 1 in Summonings
   524 | D:2      | Reached skill level 1 in Necromancy
   524 | D:2      | Reached skill level 1 in Translocations
   524 | D:2      | Reached skill level 1 in Transmutations
   524 | D:2      | Reached skill level 1 in Fire Magic
   524 | D:2      | Reached skill level 1 in Ice Magic
   524 | D:2      | Reached skill level 1 in Air Magic
   524 | D:2      | Reached skill level 1 in Earth Magic
   524 | D:2      | Reached skill level 1 in Poison Magic
   525 | D:2      | XOM: summons friendly chaos spawn
   530 | D:2      | Reached XP level 4. HP: 33/35 MP: 0/0
   609 | D:2      | Noticed Sigmund
   615 | D:2      | Killed Sigmund
   616 | D:2      | Reached XP level 5. HP: 19/41 MP: 0/0
   616 | D:2      | Learned a level 2 spell: Lesser Beckoning
   616 | D:2      | Reached XP level 6. HP: 22/47 MP: 0/0
   625 | D:2      | XOM: 3-stop teleportation journey
   747 | D:2      | XOM: 1-stop teleportation journey
   761 | D:2      | Reached skill level 4 in Fighting
   903 | D:2      | XOM: polymorph rat -> goblin
   928 | D:2      | XOM: silly message
  1048 | D:3      | Identified the +8 sling of Gravity {heavy, rPois rN+}
  1191 | D:3      | Noticed an ogre
  1205 | D:3      | Killed an ogre
  1206 | D:3      | Reached XP level 7. HP: 52/52 MP: 0/0
  1206 | D:3      | Learned a level 3 spell: Summon Guardian Golem
  1232 | D:3      | XOM: summons 1 hostile demon
  1459 | D:3      | XOM: chaos upgrade
  1730 | D:4      | Noticed Grinder
  1732 | D:4      | Grinder changed into Grinder the efreet
  1732 | D:4      | Noticed Grinder
  1732 | D:4      | XOM: polymorph Grinder -> Grinder the efreet
  1843 | D:4      | XOM: cloud trail
  2022 | D:4      | Noticed Blork the orc
  2037 | D:4      | XOM: divination: detect creatures
  2039 | D:4      | Killed Blork the orc
  2198 | D:4      | Reached XP level 8. HP: 57/58 MP: 0/0
  2315 | D:4      | Found a burning altar of Makhleb.
  2339 | D:4      | XOM: torment (30/58 hp)
  2528 | D:4      | XOM: summons 8 friendly demons
  2541 | D:4      | Killed Grinder the efreet
  2542 | D:4      | Reached skill level 5 in Fighting
  2649 | D:4      | XOM: noise
  2898 | D:5      | Entered Level 5 of the Dungeon
  2938 | D:5      | Reached skill level 5 in Dodging
  3118 | D:5      | XOM: noise
  3185 | D:5      | Found a staircase to the Ecumenical Temple.
  3356 | D:6      | Reached XP level 9. HP: 63/65 MP: 0/0
  3356 | D:6      | Learned a level 3 spell: Swiftness
  3370 | D:6      | XOM: summons 1 hostile demon
  3509 | D:6      | XOM: enchant monster (bad)
  3522 | D:6      | Reached skill level 5 in Long Blades
  3593 | D:6      | XOM: divination: detect items
  3679 | D:6      | XOM: confuse monster(s)
  3682 | D:6      | XOM: noise
  3695 | D:6      | XOM: potion effect (invisibility)
  3703 | D:6      | XOM: cloud trail
  3938 | D:6      | Reached skill level 5 in Armour
  4039 | D:6      | XOM: 2-stop teleportation journey
  4083 | D:6      | XOM: cloud trail
  4230 | D:6      | XOM: scenery: summon butterflies
  4381 | D:7      | Reached skill level 6 in Fighting
  4503 | D:7      | Found a flagged portal.
  4520 | Bailey   | Entered a bailey
  4560 | Bailey   | HP: 2/66 [electric eel/bolt of electricity (17)]
  4562 | Bailey   | XOM: 1-stop teleportation journey
  4696 | Bailey   | XOM: confuse monster(s)
  4705 | Bailey   | Reached XP level 10. HP: 72/72 MP: 0/0
  4748 | Bailey   | Reached skill level 5 in Spellcasting
  4748 | Bailey   | Reached skill level 5 in Conjurations
  4748 | Bailey   | Reached skill level 5 in Hexes
  4748 | Bailey   | Reached skill level 5 in Summonings
  4748 | Bailey   | Reached skill level 5 in Necromancy
  4748 | Bailey   | Reached skill level 5 in Translocations
  4748 | Bailey   | Reached skill level 5 in Transmutations
  4748 | Bailey   | Reached skill level 5 in Fire Magic
  4748 | Bailey   | Reached skill level 5 in Ice Magic
  4748 | Bailey   | Reached skill level 5 in Air Magic
  4748 | Bailey   | Reached skill level 5 in Earth Magic
  4748 | Bailey   | Reached skill level 5 in Poison Magic
  4756 | Bailey   | Noticed an orc knight
  4801 | Bailey   | XOM: summons friendly crimson imp
  4851 | Bailey   | XOM: confuse monster(s)
  4887 | Bailey   | Found an iron altar of Okawaru.
  4887 | Bailey   | Noticed a kobold demonologist
  4887 | Bailey   | Noticed an orc sorcerer
  4896 | Bailey   | XOM: silly message
  4897 | Bailey   | Noticed a rust devil
  5019 | Bailey   | Killed an orc sorcerer
  5021 | Bailey   | Noticed a rust devil
  5029 | Bailey   | Killed a kobold demonologist
  5126 | Bailey   | Killed an orc knight
  5127 | Bailey   | Reached skill level 7 in Fighting
  5184 | Bailey   | Identified the +0 chain mail of Vampiric Thralls {+Inv
                  | rPois Will-}
  5371 | Bailey   | Identified the of Unoqol (You acquired it in a bailey)
  5371 | Bailey   | Acquired 1123 gold pieces
  5372 | Bailey   | Acquired a manual of Fighting
  5575 | D:7      | XOM: silly message
  5739 | D:7      | XOM: summons 6 hostile demons
  5855 | D:7      | XOM: god gift: runed orcbow {god gift}
  6031 | D:7      | XOM: give mutations
  6031 | D:7      | Gained mutation: You have hidden genetic potential. [Xom's
                  | grace]
  6031 | D:7      | Gained mutation: Your spells are a little harder to cast,
                  | but a little more powerful. [Xom's grace]
  6031 | D:7      | Gained mutation: You expend health (3 HP) to strengthen
                  | your wands. [Xom's grace]
  6031 | D:7      | Gained mutation: Your flesh is almost immune to the effects
                  | of heat. (rF+++) [Xom's grace]
  6089 | D:8      | XOM: enchant monster (good)
  6104 | D:8      | Reached XP level 11. HP: 79/79 MP: 0/0
  6104 | D:8      | Learned a level 4 spell: Summon Ice Beast
  6196 | D:8      | Noticed Grum
  6221 | D:8      | Killed Grum
  6252 | D:8      | Noticed a two-headed ogre
  6270 | D:8      | XOM: cast spell 'Summon Mana Viper'
  6274 | D:8      | Killed a two-headed ogre
  6275 | D:8      | Reached skill level 8 in Fighting
  6314 | D:8      | XOM: cleaving
  6404 | D:8      | Identified the +4 lajatang "Vyptoq" {heavy, rElec rPois
                  | Int+2 Dex-4}
  6453 | D:8      | XOM: butterfly on damage
  6622 | D:8      | XOM: cloud trail
  6697 | D:8      | XOM: scenery: summon butterflies
  6869 | D:9      | Gained mutation: You have supernaturally acute eyesight.
                  | (SInv) [hidden potential]
  7103 | D:9      | XOM: confuse monster(s)
  7124 | D:9      | Reached skill level 9 in Fighting
  7317 | D:9      | XOM: 1-stop teleportation journey
  7448 | D:9      | Found a sacrificial altar of Ru.
  7449 | D:9      | Found a stormy altar of Qazlal.
  7449 | D:9      | Found a broken altar of Ashenzari.
  7530 | D:9      | XOM: give mutations
  7530 | D:9      | Gained mutation: Your muscles are strong. (Str +4, Int/Dex
                  | -1) [Xom's mischief]
  7530 | D:9      | Gained mutation: You are resistant to electric shocks.
                  | (rElec) [Xom's mischief]
  7530 | D:9      | Lost mutation: You have hidden genetic potential. [Xom's
                  | mischief]
  7554 | D:10     | Entered Level 10 of the Dungeon
  7610 | D:10     | XOM: blink monster(s)
  7879 | D:10     | XOM: confusion
  8091 | D:10     | Reached XP level 12. HP: 84/90 MP: 0/0
  8118 | D:10     | Noticed a two-headed ogre
  8127 | D:10     | XOM: chaos upgrade
  8133 | D:10     | Noticed a centaur warrior
  8144 | D:10     | Killed a two-headed ogre
  8151 | D:10     | Killed a centaur warrior
  8248 | D:10     | XOM: scenery: summon butterflies
  8272 | D:10     | Noticed a boulder beetle
  8286 | D:10     | XOM: fake destruction
  8317 | D:10     | XOM: give mutations
  8317 | D:10     | Gained mutation: You passively dampen the noise of your
                  | surroundings. [Xom's grace]
  8317 | D:10     | Gained mutation: You have a pair of small antennae on your
                  | head. [Xom's grace]
  8434 | D:10     | XOM: cleaving
  8444 | D:10     | Reached skill level 10 in Fighting
  8448 | D:10     | XOM: enchant monster (good)
  8453 | D:10     | XOM: scenery: 1 doors open
  8474 | D:10     | Killed a boulder beetle
  8607 | D:10     | XOM: scenery: summon butterflies
  8801 | D:11     | Noticed Josephine
  8943 | D:11     | Found a staircase to the Lair.
  8945 | D:11     | XOM: scenery: 1 doors open, 1 doors close
  9065 | D:11     | XOM: 6-stop teleportation journey
  9289 | D:11     | XOM: cleaving
  9292 | D:11     | Josephine changed into Josephine the shapeshifter
  9292 | D:11     | XOM: polymorph Josephine -> Josephine the shapeshifter
  9294 | D:11     | XOM: give mutations
  9294 | D:11     | Gained mutation: Your skin changes colour to match your
                  | surroundings (Stealth+). [Xom's grace]
  9448 | D:11     | XOM: summons friendly white imp
  9511 | D:11     | XOM: noise
  9694 | D:11     | XOM: summons 2 friendly demons
  9845 | D:11     | XOM: cast spell 'Disjunction'
  9911 | D:11     | XOM: enchant monster (good)
  9927 | D:11     | Reached skill level 11 in Fighting
  9947 | Gauntlet | Identified the "Hoizetia"
  9947 | Lair:1   | Entered Level 1 of the Lair of Beasts
  9963 | Lair:1   | Found a gate leading to a gauntlet.
  9971 | Lair:1   | Noticed Viredejo's ghost (journeyman OgSh)
  9974 | Gauntlet | Entered a Gauntlet
  9974 | Gauntlet | Noticed a reaper
  9974 | Gauntlet | Found a transporter.
  9974 | Gauntlet | Found a transporter.
  9974 | Gauntlet | Found a transporter.
  9993 | Gauntlet | Found a transporter.
  9995 | Gauntlet | Found a transporter.
 10001 | Gauntlet | Noticed a reaper
 10003 | Gauntlet | Found a transporter.
 10019 | Gauntlet | Found a transporter.
 10026 | Gauntlet | Found a transporter.
 10045 | Gauntlet | Found a transporter.
 10053 | Gauntlet | Found a transporter.
 10055 | Gauntlet | Noticed a soul eater
 10071 | Gauntlet | Found a transporter.
 10123 | Gauntlet | Found a transporter.
 10246 | Gauntlet | XOM: cleaving
 10256 | Gauntlet | Reached skill level 10 in Dodging
 10256 | Gauntlet | Reached XP level 13. HP: 99/99 MP: 0/0
 10256 | Gauntlet | Learned a level 5 spell: Metabolic Englaciation
 10267 | Gauntlet | Identified the ring "Bavepeh" {Str+2 Int+6}
 10298 | Gauntlet | XOM: destruction
 10337 | Gauntlet | Identified the +6 barding of Activism {*Corrode Int+2
                  | Stlth+}
 10394 | Gauntlet | XOM: blink monster(s)
 10428 | Gauntlet | Gained mutation: You sometimes lose your temper in combat.
                  | [a shining eye]
 10429 | Gauntlet | XOM: divination: detect creatures
 10457 | Gauntlet | Noticed a minotaur
 10482 | Gauntlet | XOM: butterfly on damage
 10485 | Gauntlet | XOM: polymorph ice beast -> polar bear
 10490 | Gauntlet | Killed a minotaur
 10572 | Lair:1   | Found a runed translucent door.
 10764 | Lair:1   | XOM: noise
 10766 | Lair:1   | Reached skill level 1 in Evocations
 10838 | Lair:1   | XOM: divination: magic mapping
 10997 | Lair:1   | Noticed Jeremiah
 11028 | Lair:1   | Killed Jeremiah
 11041 | Lair:1   | XOM: polymorph ice beast -> basilisk
 11065 | Lair:1   | XOM: summons friendly crimson imp
 11558 | Lair:1   | Killed Viredejo's ghost
 11686 | Lair:2   | XOM: silly message
 11687 | Lair:2   | XOM: summons 2 friendly demons
 11814 | Lair:2   | XOM: enchant monster (good)
 11815 | Lair:2   | XOM: cast spell 'Cause Fear'
 11824 | Lair:2   | Reached skill level 12 in Fighting
 11839 | Lair:2   | XOM: 2-stop teleportation journey
 11918 | Lair:2   | XOM: divination: magic mapping
 12088 | Lair:2   | XOM: smoke on damage
 12265 | Lair:2   | XOM: silly message
 12272 | Lair:2   | XOM: noise
 12351 | Lair:2   | XOM: cloud trail
 12543 | Lair:2   | Found a staircase to the Snake Pit.
 12627 | Lair:2   | Reached skill level 1 in Shields
 12633 | Lair:2   | Found a staircase to the Swamp.
 12643 | Lair:2   | XOM: polymorph ice beast -> unseen horror
 12648 | Lair:2   | HP: 3/102 [bog body/bolt of cold (48)]
 12876 | Lair:3   | XOM: summons 13 friendly demons
 12881 | Lair:3   | XOM: fog
 12891 | Lair:3   | Reached XP level 14. HP: 88/108 MP: 0/0
 12920 | Lair:3   | XOM: enchant monster (good)
 12949 | Lair:3   | XOM: draining
 14051 | Lair:4   | XOM: scenery: create altars
 14140 | Lair:4   | Found a staircase to the Slime Pits.
 14154 | Lair:4   | XOM: enchant monster (good)
 14164 | Lair:4   | Reached skill level 10 in Armour
 14193 | Lair:4   | Identified the +0 ring mail "Ikhloduezui" {Int+4}
 14258 | Lair:4   | XOM: divination: detect items
 14264 | Lair:4   | XOM: divine lightning
 14426 | Lair:4   | Noticed Nessos
 14428 | Lair:4   | XOM: divination: detect creatures
 14447 | Lair:4   | Killed Nessos
 14586 | Lair:4   | XOM: god gift: steaming short sword {god gift}
 14586 | Lair:4   | Identified the +7 short sword "Jael" {chaos, rF+ rCorr}
                  | (Xom gifted it to you on level 4 of the Lair of Beasts)
 14767 | Lair:4   | XOM: torment (43/108 hp)
 14976 | Lair:5   | Entered Level 5 of the Lair of Beasts
 14993 | Lair:5   | XOM: cast spell 'Olgreb's Toxic Radiance'
 14994 | Lair:5   | XOM: 1-stop teleportation journey
 15038 | Lair:5   | Reached skill level 13 in Fighting
 15038 | Lair:5   | XOM: polymorph ice beast -> culicivora
 15043 | Lair:5   | Reached skill level 1 in Short Blades
 15076 | Lair:5   | XOM: enchant monster (good)
 15190 | Lair:5   | XOM: summons friendly ufetubus
 15202 | Lair:5   | XOM: 7-stop teleportation journey
 15217 | Lair:5   | XOM: polymorph large abomination -> large abomination
 15291 | Lair:3   | XOM: god gift: staff of death
 15510 | D:12     | Found a staircase to the Orcish Mines.
 16446 | Orc:1    | Entered Level 1 of the Orcish Mines
 16633 | Orc:2    | Entered Level 2 of the Orcish Mines
 16633 | Orc:2    | Found a staircase to the Elven Halls.
 16894 | Orc:2    | XOM: enchant monster (good)
 17166 | Orc:2    | Reached skill level 10 in Long Blades
 17267 | Orc:2    | XOM: silly message
 17272 | Orc:2    | XOM: noise
 17273 | Orc:2    | XOM: confuse monster(s)
 17323 | Orc:2    | Noticed an orc warlord
 17326 | Orc:2    | Paralysed by an orc sorcerer for 4 turns
 17345 | Orc:2    | Reached XP level 15. HP: 115/115 MP: 0/0
 17345 | Orc:2    | Learned a level 6 spell: Dispersal
 17393 | Orc:2    | XOM: god gift: flail {god gift}
 17481 | Orc:2    | HP: 4/115 [ynoxinul/iron shot[an orc high priest] (18)]
 17487 | Orc:2    | XOM: divination: magic mapping
 17520 | Orc:2    | XOM: cloud trail
 17647 | Orc:2    | XOM: silly message
 17654 | Orc:2    | XOM: silly message
 17798 | Orc:2    | XOM: silly message
 17812 | Orc:2    | Killed an orc warlord
 17875 | Orc:2    | Found Olepaloi's Antique Weapon Shop.
 17891 | Orc:2    | Found Qerph's Antique Armour Boutique.
 17902 | Orc:2    | Bought a shiny buckler for 210 gold pieces
 17907 | Orc:2    | Bought a heavily runed leather armour for 196 gold pieces
 17907 | Orc:2    | Identified the +0 leather armour "Punyxziy" {rN+} (You
                  | bought it in a shop on level 2 of the Orcish Mines)
 17908 | Orc:2    | Bought a glowing hat for 196 gold pieces
 17987 | Orc:2    | Found Syakhoor's Jewellery Emporium.
 18043 | Orc:2    | Found Napha Irph's Jewellery Shoppe.
 18202 | D:13     | XOM: potion effect (might)
 18205 | D:13     | XOM: potion effect (haste)
 18253 | D:13     | XOM: silly message
 18296 | D:13     | Found a large runed translucent door.
 18296 | D:13     | Found a large runed translucent door.
 18422 | D:13     | XOM: potion effect (haste)
 18522 | D:13     | Found Uqeuboz's Magic Scroll Boutique.
 18530 | D:13     | Bought a scroll of enchant weapon for 112 gold pieces
 18530 | D:13     | Bought a scroll of teleportation for 45 gold pieces
 18530 | D:13     | Bought 3 scrolls of fear for 180 gold pieces
 18530 | D:13     | Bought a scroll of identify for 30 gold pieces
 18530 | D:13     | Bought a scroll of identify for 30 gold pieces
 18530 | D:13     | Bought a scroll of fog for 60 gold pieces
 18649 | D:13     | XOM: divination: magic mapping
 18870 | D:13     | XOM: cast spell 'Olgreb's Toxic Radiance'
 18929 | D:14     | Found a frozen archway.
 18955 | D:14     | XOM: summons friendly iron imp
 18985 | IceCv    | Entered an ice cave
 19051 | IceCv    | Reached skill level 14 in Fighting
 19114 | IceCv    | Noticed a white very ugly thing
 19121 | IceCv    | Reached skill level 5 in Shields
 19123 | IceCv    | Reached skill level 10 in Spellcasting
 19123 | IceCv    | Reached skill level 10 in Conjurations
 19123 | IceCv    | Reached skill level 10 in Hexes
 19123 | IceCv    | Reached skill level 10 in Summonings
 19123 | IceCv    | Reached skill level 10 in Necromancy
 19123 | IceCv    | Reached skill level 10 in Translocations
 19123 | IceCv    | Reached skill level 10 in Transmutations
 19123 | IceCv    | Reached skill level 10 in Fire Magic
 19123 | IceCv    | Reached skill level 10 in Ice Magic
 19123 | IceCv    | Reached skill level 10 in Air Magic
 19123 | IceCv    | Reached skill level 10 in Earth Magic
 19123 | IceCv    | Reached skill level 10 in Poison Magic
 19130 | IceCv    | Killed a white very ugly thing
 19143 | IceCv    | XOM: polymorph ice beast -> dream sheep
 19200 | IceCv    | XOM: confuse monster(s)
 19435 | IceCv    | XOM: potion effect (might)
 19439 | IceCv    | XOM: summons 3 friendly demons
 19443 | IceCv    | XOM: destruction
 19448 | IceCv    | HP: 1/117 [anaconda simulacrum[an orange crystal statue]
                  | (9)]
 19448 | IceCv    | Xom revived you
 19448 | IceCv    | Slain by a seven-headed hydra simulacrum

Illustrated notes

Levels and vault maps discovered:
D:1:      co_arrival_square_in_a_square_in_a_square, layout_rooms,
          dreamdust_ecumenical_altar_statues, minmay_misc_feat_square
D:2:      layout_rooms, minivault_14, minmay_pentomino_z2, uniq_sigmund
D:3:      layout_loops_ring
D:4:      layout_cave_pods, mainiacjoe_overflow_small_starburst, serial_glass,
          glass_columns_a, glass_columns_a, uniq_grinder, uniq_blork_the_orc
D:5:      layout_gridville, minmay_temple_entry_nine_rooms
D:6:      layout_basic
D:7:      layout_gridville, enter_bailey_3, minmay_quadrilaterals
D:8:      layout_basic, uniq_grum
D:9:      layout_basic, chequers_temple_overflow_statue_of_worship
D:10:     kennysheep_blocky_room, layout_basic, kennysheep_opposing_triangles
D:11:     layout_gridville, dpeg_oklobed_lair, uniq_josephine
D:12:     layout_roguey, zombieorc2_lemuel
D:13:     doesnt_quadruple_sword, layout_rooms, serial_shops, shop,
          kiku_gazebo_pond_becter
D:14:     layout_rooms, hellmonk_vaults_keyhole, portal_ice_cave_entry_dragon,
          nemelex_altar_shiori, uniq_azrael, uniq_louise
Lair:1:   layout_cave_pods, hellmonk_ghost_happy_afterlife,
          gauntlet_entry_generic, kennysheep_rathole, uniq_jeremiah
Lair:2:   layout_cave_pods, nicolae_swamp_entry_splash_gauntlet,
          guppyfry_snake_entry_island
Lair:3:   layout_regular_city
Lair:4:   layout_layer_cave, nicolae_slime_entry_field_trip, uniq_nessos
Lair:5:   hellmonk_lair_end_abyssal_woods, layout_gridlike, basic_altar
Orc:1:    layout_caves, ebering_ghost_reflecting_pool
Orc:2:    grunt_orc_community_town_hall, layout_caves,
          grunt_orc_community_big_house_1, grunt_orc_community_big_house_1,
          grunt_orc_community_house_2, grunt_orc_community_house_2,
          grunt_orc_community_house_2, grunt_orc_community_house_3
IceCv:    ice_cave_statue_garden_chambered

Skill      XL: |  1  2  3  4  5  6  7  8  9 10 11 12 13 14 15 |
---------------+----------------------------------------------+-----
Long Blades    | 3 4 5 6 7 8 9 10 | 10.4
Spellcasting   | 1 2 3 4 5 7 8 9 10 | 10.0
Conjurations   | 1 2 3 4 5 7 8 9 10 | 10.0
Hexes          | 1 2 3 4 5 7 8 9 10 | 10.0
Summonings     | 1 2 3 4 5 7 8 9 10 | 10.0
Necromancy     | 1 2 3 4 5 7 8 9 10 | 10.0
Translocations | 1 2 3 4 5 7 8 9 10 | 10.0
Transmutations | 1 2 3 4 5 7 8 9 10 | 10.0
Fire Magic     | 1 2 3 4 5 7 8 9 10 | 10.0
Ice Magic      | 1 2 3 4 5 7 8 9 10 | 10.0
Air Magic      | 1 2 3 4 5 7 8 9 10 | 10.0
Earth Magic    | 1 2 3 4 5 7 8 9 10 | 10.0
Poison Magic   | 1 2 3 4 5 7 8 9 10 | 10.0
Armour         | 2 3 4 5 6 7 8 9 10 11 | 11.0
Dodging        | 3 4 5 6 7 8 10 11 12 | 12.1
Fighting       | 4 5 6 7 9 11 12 13 14 | 14.2
Evocations     | 4 |  4.7
Shields        | 1 4 5 |  5.2
Short Blades   | 3 4 |  4.0

Action                     |  1- 3 |  4- 6 |  7- 9 | 10-12 | 13-15 || total
---------------------------+-------+-------+-------+-------+-------++-------
  Melee: Falchion          |    66 |    91 |   338 |   744 |   620 ||  1859
         Punch             |       |     2 |     5 |    11 |    14 ||    32
         Short sword       |       |       |       |       |   475 ||   475
         Long sword        |       |       |       |       |   336 ||   336
         Scimitar          |       |       |       |       |   112 ||   112
   Cast: Magic Dart        |       |     4 |    10 |     6 |       ||    20
         Summon Guardian G |       |       |     8 |    38 |    53 ||    99
         Summon Ice Beast  |       |       |       |    41 |    63 ||   104
         Swiftness         |       |       |       |     4 |       ||     4
         Metabolic Englaci |       |       |       |       |    10 ||    10
  Evoke: Wand              |       |       |       |     8 |     5 ||    13
         Phial of floods   |       |       |       |       |     1 ||     1
         Lightning rod     |       |       |       |       |     2 ||     2
    Use: Scroll            |       |     1 |     9 |     6 |    12 ||    28
         Potion            |       |       |       |     1 |     6 ||     7
   Stab: Sleeping          |     2 |     5 |     4 |     7 |    22 ||    40
         Distracted        |       |       |     1 |     4 |     7 ||    12
         Invisible         |       |       |     2 |       |       ||     2
         Confused          |       |       |     1 |     9 |    12 ||    22
         Petrified         |       |       |       |    24 |     2 ||    26
         Paralysed         |       |       |       |     6 |    13 ||    19
         Petrifying        |       |       |       |     1 |     1 ||     2
 Armour: Leather armour    |    28 |    34 |   109 |       |       ||   171
         Steam dragon scal |       |       |    37 |   361 |   683 ||  1081
  Dodge: Dodged            |    63 |    87 |   323 |   898 |  1594 ||  2965
  Block: Buckler           |       |       |       |       |    98 ||    98

Table legend: (Time is in decaauts)
 A = Elapsed time spent in this place.
 B = Non-inter-level travel time spent in this place.
 C = Inter-level travel time spent in this place.
 D = Time resting spent in this place.
 E = Time spent auto-exploring this place.
 F = Levels seen in this place.
 G = Mean time per level.
                   A        B        C        D        E       F      G
               +--------+--------+--------+--------+--------+-----+--------+
         Total |  19445 |  18788 |    657 |   2041 |  11093 |  24 |  810.2 |
       Dungeon |  11007 |  10567 |    440 |    784 |   6800 |  14 |  786.2 |
          Lair |   4818 |   4659 |    159 |    531 |   3019 |   5 |  963.6 |
  Orcish Mines |   1669 |   1612 |     57 |    170 |    840 |   2 |  834.5 |
        Bailey |    879 |    879 |      0 |    188 |    210 |   1 |  879.0 |
      Ice Cave |    483 |    483 |      0 |    291 |      8 |   1 |  483.0 |
      Gauntlet |    586 |    586 |      0 |     76 |    216 |   1 |  586.0 |
               +--------+--------+--------+--------+--------+-----+--------+

Top non-repeatable levels by time:
   Orc:2: 1474 daAuts
    D:10: 1284 daAuts
  Lair:2: 1234 daAuts
     D:4: 1156 daAuts
    D:11: 1148 daAuts
  Lair:3: 1134 daAuts
  Lair:1: 1117 daAuts
  Lair:4: 1114 daAuts
    D:12: 1056 daAuts
     D:6: 1009 daAuts
     D:7: 898 daAuts
  Bailey: 879 daAuts
     D:8: 747 daAuts
     D:9: 720 daAuts
     D:3: 715 daAuts
